 Dungeon Crawl Stone Soup version 0.23-a0-650-ga4d50d4d25 (webtiles) character file.

17 Adamkad1 the Ruffian (level 2, 23/23 HPs)
             Began as a Draconian Transmuter on Jan 5, 2019.
             Quit the game on level 1 of the Dungeon.
             The game lasted 00:01:37 (540 turns).

Adamkad1 the Ruffian (Draconian Transmuter)          Turns: 540, Time: 00:01:37

Health: 23/23      AC:  4    Str: 12    XL:     2   Next: 44%
Magic:  4/5        EV: 12    Int: 13    God:
Gold:   0          SH:  0    Dex: 11    Spells: 4/5 levels left

rFire    . . .     SeeInvis .     - Unarmed
rCold    . . .     Gourm    .   (no shield)
rNeg     . . .     Faith    .   (armour unavailable)
rPois    .         Spirit   .   (helmet restricted)
rElec    .         Reflect  .   (no cloak)
rCorr    .         Harm     .   (no gloves)
MR       .....                  (no boots)
Stlth    +.........             (no amulet)
HPRegen  0.07/turn              (no ring)
MPRegen  0.09/turn              (no ring)

@: appendage
A: unfitting armour, horns 2, cold-blooded, AC +4
a: End Transformation


You were on level 1 of the Dungeon.
You were not hungry.
You had grown temporary horns.
You visited 1 branch of the dungeon, and saw 1 of its levels.

Inventory:

Missiles
 a - 46 arrows
Scrolls
 e - 3 scrolls of remove curse {unknown}
Potions
 d - a potion of might {unknown}
 f - a potion of curing {unknown}
Comestibles
 c - 4 rations


   Skills:
 + Level 1.3 Fighting
 + Level 1.9 Dodging
 + Level 3.2 Unarmed Combat
 * Level 2.2 Spellcasting
 * Level 2.3 Transmutations


You had 4 spell levels left.
You knew the following spells:

 Your Spells              Type           Power        Failure   Level  Hunger
a - Beastly Appendage     Tmut           #.....       10%         1    ##.....

Your spell library contained the following spells:

 Spells                   Type           Power        Failure   Level  Hunger
 Sticks to Snakes         Tmut           #.......     14%         2    ###....
 Spider Form              Tmut/Pois      #.........   43%         3    ####...
 Ice Form                 Ice/Tmut       #.......     83%         4    #####..
 Blade Hands              Tmut           #.........   95%         5    ######.


Dungeon Overview and Level Annotations

Branches:
Dungeon (1/15)

Altars:


Innate Abilities, Weirdness & Mutations

Your plain brown scales are hard. (AC +4)
You cannot fit into any form of body armour.
You are cold-blooded and may be slowed by cold attacks.
You have a pair of horns on your head.


Message History

All of the chunks of flesh in your inventory have rotted away.
HP restored.
The goblin shouts!
The kobold shouts!
Casting: Beastly Appendage (safe; 10% risk of failure)
Confirm with . or Enter, or press ? or * to list all spells.
You grow a pair of large bovine horns.
The kobold barely misses you. The goblin barely misses you.
You closely miss the goblin. You tail-slap the goblin.
The goblin is moderately wounded.
The kobold completely misses you. The goblin barely misses you.
You hit the goblin.
You kill the goblin!
The kobold barely misses you.
You closely miss the kobold. Your headbutt misses the kobold.
Your tail-slap misses the kobold.
The kobold misses you.
You hit the kobold. Your headbutt misses the kobold. You punch the kobold.
You kill the kobold!
No target in view!
No target in view!
Are you sure you want to abandon this character and quit the game? (Confirm

#...#.#......#.#.#
##
#....#........#..#
.#
#.....##....##..#
.#
#.......####...##
.#
#....##........#
.##
.#....########.##
..#
#.....(########.#
..#
.................#
..#
.........@########
..# ..........#
### ..........# ##
..........# ..
######### .. +#


There were no monsters in sight!

Vanquished Creatures
  2 leopard geckos (D:1)
  2 bats (D:1)
  3 goblins (D:1)
  2 hobgoblins (D:1)
  2 kobolds (D:1)
  A frilled lizard (D:1)
  2 rats (D:1)
14 creatures vanquished.

Notes
Turn   | Place    | Note
-------+----------+-------------------------------------------
     0 | D:1      | Adamkad1 the Draconian Transmuter began the quest for the
                  | Orb.
     0 | D:1      | Reached XP level 1. HP: 16/16 MP: 3/3
   180 | D:1      | Reached XP level 2. HP: 15/23 MP: 5/5
   540 | D:1      | Quit the game

Vault maps used:
D:1:      minmay_arrival_stone_box, minmay_circled_x

Action                   || total
-------------------------++-------
Melee: Unarmed           ||    46
       Headbutt          ||     1
       Kick              ||     4
       Tailslap          ||     2
       Punch             ||     1
 Cast: Beastly Appendage ||     5
Armor: Skin              ||    21
Dodge: Dodged            ||    46

Table legend:
 A = Non-vault XP
 B = Vault XP
 C = Vault XP percentage of total XP
 D = Non-vault monster count
 E = Vault monster count
 F = Vault count percentage of total count
                 A         B        C        D         E       F
            +---------+---------+-------+---------+---------+-------
      Total |      18 |       7 |  28.0 |      10 |       4 |  28.6
            +---------+---------+-------+---------+---------+-------
        D:1 |      18 |       7 |  28.0 |      10 |       4 |  28.6
            +---------+---------+-------+---------+---------+-------
